 Dungeon Crawl Stone Soup version 0.26.1-2-gb8aa6d0cf2 (webtiles) character file.

Game seed: 8843093982678485976

54 Janekpiasek the Insei (level 3, -2/24 HPs)
             Began as an Octopode Transmuter on Mar 1, 2021.
             Slain by a gnoll
             ... wielding a +0 spear
              (7 damage)
             ... on level 2 of the Dungeon.
             The game lasted 00:03:49 (2041 turns).

Janekpiasek the Insei (Octopode Transmuter)         Turns: 2041, Time: 00:03:50

Health: -2/24      AC:  1    Str:  9    XL:     3   Next: 91%
Magic:  6/6        EV: 13    Int: 16    God:
Gold:   10         SH:  0    Dex: 12    Spells: 0/6 levels left

rFire    . . .     SeeInvis .     - Unarmed
rCold    . . .     Faith    .   (no shield)
rNeg     . . .     Spirit   .   (helmet restricted)
rPois    .         Reflect  .   (no amulet)
rElec    .         Harm     .   (no ring)
rCorr    .         Rampage  .   (no ring)
Will     .....                  (no ring)
Stlth    ++........             (no ring)
HPRegen  0.08/turn              (no ring)
MPRegen  0.10/turn              (no ring)
                                (no ring)
                                (no ring)

@: no status effects
A: almost no armour, stealthy swim, amphibious, 8 rings, constrict 8, camouflage
1, gelatinous body 1
a: no special abilities


You were on level 2 of the Dungeon.
You visited 1 branch of the dungeon, and saw 2 of its levels.

You collected 10 gold pieces.

Inventory:

Scrolls
 b - 3 scrolls of identify {unknown}
Potions
 a - a potion of curing {unknown}


   Skills:
 * Level 1.9 Fighting
 + Level 2.4 Dodging
 + Level 3.3 Unarmed Combat
 + Level 2.3 Spellcasting
 + Level 2.4 Transmutations
 + Level 0.3 Poison Magic


You couldn't memorise any spells.
You knew the following spells:

 Your Spells              Type           Power        Failure   Level
a - Beastly Appendage     Tmut           18%          8%          1
b - Wereblood             Tmut           9%           11%         2
c - Spider Form           Tmut/Pois      3%           34%         3

Your spell library contained the following spells:

 Spells                   Type           Power        Failure   Level
 Animate Skeleton         Necr           2%           21%         1
 Apportation              Tloc           2%           21%         1
 Corona                   Hex            1%           21%         1
 Summon Small Mammal      Summ           4%           21%         1
 Ice Form                 Ice/Tmut       5%           77%         4
 Blade Hands              Tmut           4%           90%         5


Dungeon Overview and Level Annotations

Branches:
Dungeon (2/15)

Altars:


Innate Abilities, Weirdness & Mutations

You cannot wear most types of armour.
You are very stealthy in the water. (Stealth+)
You are amphibious.
You can wear up to eight rings at the same time.
You can use your tentacles to constrict eight enemies at once.
Your skin changes colour to match your surroundings (Stealth+).
Your rubbery body absorbs attacks. (AC +1, EV +1)


Message History

Confirm with . or Enter, or press ? or * to list all spells.
One of your tentacles grows a vicious spike.
A gnoll comes into view. It is wielding a +0 halberd.
The gnoll hits you from afar with a +0 spear.
The gnoll shouts!
The gnoll hits you with a +0 spear!
You are too injured to fight recklessly!
You are too injured to fight recklessly!
You are too injured to fight recklessly!
You are too injured to fight recklessly!
The gnoll hits you from afar with a +0 spear!
* * * LOW HITPOINT WARNING * * *
Your transformation is almost over.
Your tentacle spike disappears.
Things that are here:
a +0 flail; a gnoll corpse
There is a stone staircase leading up here.
You can't go down here!
The gnoll hits you from afar with a +0 spear!
You die...

#########
#...g....
#.####### ###
#.# #@# #.# #
#)# #.# # #g#
#g# # #g# #.#
# #.# #.# #
##.########.#
#
#.....g.....#
#
#############
# #


You could see 2 gnolls.

Vanquished Creatures
  A gnoll (D:2)
  An adder (D:2)
  A leopard gecko (D:1)
  2 giant cockroaches (D:1)
  4 goblins (D:1)
  6 hobgoblins (D:1)
  3 jackals (D:1)
  5 bats
  3 frilled lizards
  4 kobolds (D:1)
  3 rats (D:1)
33 creatures vanquished.

Notes
Turn   | Place    | Note
-------+----------+-------------------------------------------
     0 | D:1      | Janekpiasek the Octopode Transmuter began the quest for the
                  | Orb.
     0 | D:1      | Reached XP level 1. HP: 13/13 MP: 3/3
   336 | D:1      | Reached XP level 2. HP: 18/18 MP: 3/5
  1079 | D:1      | Reached XP level 3. HP: 19/23 MP: 4/6
  1669 | D:1      | Learned a level 2 spell: Wereblood
  1673 | D:1      | Learned a level 3 spell: Spider Form
  2041 | D:2      | Slain by a gnoll

Illustrated notes

Levels and vault maps discovered:
D:1:      dpeg_arrival_tiny_a, layout_basic, grunt_decor_resistance
D:2:      layout_basic, nrook_loot_triangle, trog_book

Action                   || total
-------------------------++-------
Melee: Unarmed           ||    68
       Constrict         ||    25
       Kick              ||    16
       Tentacles         ||    13
 Cast: Beastly Appendage ||    24
 Stab: Sleeping          ||     3
Armor: Skin              ||     8
Dodge: Dodged            ||    58
